 Dungeon Crawl Stone Soup version 0.22.0-16-gc6d26f6 (webtiles) character file.

2855 Faca the Slicer (level 10, -1/73 HPs)
             Began as a Halfling Abyssal Knight on Aug 17, 2018.
             Was an Elder of Lugonu.
             Slain by an orc warrior
             ... wielding a +0 halberd
              (22 damage)
             ... on level 9 of the Dungeon.
             The game lasted 00:24:44 (12206 turns).

Faca the Slicer (Halfling Abyssal Knight)          Turns: 12206, Time: 00:24:44

Health: -1/73      AC:  8    Str: 13    XL:     10   Next: 4%
Magic:  12/12      EV: 14    Int: 10    God:    Lugonu [****..]
Gold:   326        SH:  0    Dex: 18    Spells: 9/9 levels left

rFire    + . .     SeeInvis .   a - +1 short sword
rCold    . . .     Gourm    +   (shield restricted)
rNeg     . . .     Faith    .   y - +0 ring mail {rF+}
rPois    .         Spirit   .   (no helmet)
rElec    .         Reflect  .   g - +0 cloak
rCorr    .         Harm     .   b - +1 pair of gloves
MR       .....                  (no boots)
Stlth    +.........             o - amulet of the gourmand
HPRegen  0.22/turn              (no ring)
MPRegen  0.13/turn              (no ring)

@: no status effects
A: small, mutation resistance 1
a: Depart the Abyss, Bend Space, Banish, Corrupt, Renounce Religion


You were on level 9 of the Dungeon.
You worshipped Lugonu.
Lugonu was greatly pleased with you.
You were very full.

You visited 1 branch of the dungeon, and saw 9 of its levels.
You visited the Abyss 1 time.

You collected 326 gold pieces.

Inventory:

Hand Weapons
 a - a +1 short sword (weapon)
 e - a +2 scimitar of holy wrath
 p - a +0 rapier
Armour
 b - a +1 pair of gloves (worn)
 g - a +0 cloak (worn)
 y - a +0 ring mail of fire resistance (worn)
Jewellery
 o - an amulet of the gourmand (around neck)
Wands
 u - a wand of iceblast (7)
Scrolls
 j - a scroll of teleportation
 k - a scroll of magic mapping {unknown}
 l - a scroll of enchant weapon {unknown}
 m - 5 scrolls of remove curse
 w - a scroll of fear {unknown}
 x - a scroll of noise {unknown}
Potions
 d - a potion of curing
 f - 2 potions of might
 h - a potion of cancellation
 i - a potion of magic
 n - a potion of heal wounds
 q - a potion of ambrosia
 s - 2 potions of haste
 t - a potion of resistance {unknown}
 v - a potion of mutation
Comestibles
 c - 11 rations


   Skills:
 + Level 8.6 Fighting
 + Level 10.7 Short Blades
 - Level 2.1 Armour
 - Level 3.3 Dodging
 + Level 3.3 Invocations


You had 9 spell levels left.
You didn't know any spells.
Your spell library contained the following spells:

 Spells                   Type           Power        Failure   Level  Hunger
 Confuse                  Hex            #.......     94%         3    ####...
 Confusing Touch          Hex            #.....       63%         1    ##.....
 Metabolic Englaciation   Hex/Ice        #.........   100%        5    ######.
 Petrify                  Tmut/Erth      #.......     100%        4    #####..
 Gell's Gravitas          Tloc           #.........   94%         3    ####...
 Yara's Violent Unravell  Hex/Tmut       #.........   100%        5    ######.


Dungeon Overview and Level Annotations

Branches:
Dungeon (9/15)             Temple (0/1) D:6
   Lair: D:8-11         Orc: D:9-12

Altars:
Ashenzari
Dithmenos
Hepliaklqana
Kikubaaqudgha
Makhleb
Qazlal
Trog
Uskayaw
Zin
Beogh

Shops:
D:5 (

Annotations:
D:8 Prince Ribbit
Abyss:1 Harold, Pikel, Sigmund


Innate Abilities, Weirdness & Mutations

You are small and have problems with some larger weapons.
You are somewhat resistant to further mutation.


Message History

The orc warrior barely misses you.
You barely miss the orc warrior.
The orc warrior is almost dead.
You hit the orc warrior but do no damage.
The orc warrior is almost dead.
The orc warrior hits you with a halberd.
* * * LOW HITPOINT WARNING * * *
You hit the orc warrior but do no damage.
The orc warrior is almost dead.
You barely miss the orc warrior.
The orc warrior is almost dead.
The orc warrior barely misses you.
You hit the orc warrior but do no damage.
The orc warrior is almost dead.
You barely miss the orc warrior.
The orc warrior is almost dead.
You hit the orc warrior but do no damage.
The orc warrior is almost dead.
The orc warrior hits you with a halberd!!
You die...

######### #########
#.....)(# #.....^.#
#....o@.#
#.......###....[.)#
#.....oo).#.......########
#.......#.'.......'.......
####'######.......########
#o.# ####'#### ##.##
#..(.# #..# ####.## #o##
#..#


You could see an orc warrior.

Vanquished Creatures
  Menkaure (D:7)
  A water moccasin (D:9)
  A sky beast (D:5)
  An ogre (D:5)
  A phantom (D:6)
  A centaur (D:8)
  A crocodile (D:9)
  A big kobold (D:6)
  6 bullfrogs
  A water moccasin zombie (D:6)
  2 scorpions
  3 wights (D:6)
  2 howler monkeys
  A crimson imp (D:5)
  A jelly (D:6)
  An orc priest (D:6)
  A gnoll shaman (D:5)
  Crazy Yiuf (D:4)
  3 worker ants
  An iguana (D:4)
  3 orc wizards
  A hound zombie (D:6)
  5 gnolls (D:6)
  7 adders
  2 shadow imps
  4 oozes
  3 adder skeletons
  4 worms
  4 dart slugs
  7 leopard geckos
  35 orcs
  4 ball pythons
  8 bats
  12 giant cockroaches
  8 goblins
  11 hobgoblins
  8 jackals
  3 quokkas
  10 frilled lizards
  30 kobolds
  A quokka zombie (D:5)
  12 rats
213 creatures vanquished.

Vanquished Creatures (others)
  An orc warrior (D:8)
  An iguana (D:7)
  A plant (D:6)
3 creatures vanquished.

Grand Total: 216 creatures vanquished

Notes
Turn   | Place    | Note
-------+----------+-------------------------------------------
     0 | Abyss:1  | Faca the Halfling Abyssal Knight began the quest for the Orb.
     0 | Abyss:1  | Reached XP level 1. HP: 15/15 MP: 2/2
    53 | Abyss:2  | Noticed a shadow
    57 | D:1      | Escaped the Abyss
   147 | D:1      | Reached * piety under Lugonu
   223 | D:1      | Reached XP level 2. HP: 20/20 MP: 3/3
   653 | D:1      | Reached skill level 3 in Short Blades
   657 | D:1      | Reached XP level 3. HP: 26/26 MP: 4/4
  1053 | D:1      | You fall through a shaft!
  1316 | D:1      | Reached XP level 4. HP: 31/31 MP: 5/5
  1513 | D:1      | Reached ** piety under Lugonu
  1670 | D:2      | Found a shadowy altar of Dithmenos.
  2121 | D:2      | Found a bloodstained altar of Trog.
  2215 | D:2      | Found a hide-covered altar of Uskayaw.
  2271 | D:2      | Found a hazy altar of Hepliaklqana.
  2414 | D:2      | Reached XP level 5. HP: 36/36 MP: 6/6
  2798 | D:3      | Reached skill level 4 in Short Blades
  2889 | D:3      | Found a faded altar of an unknown god.
  2955 | D:3      | Reached *** piety under Lugonu
  3290 | D:3      | Found a burning altar of Makhleb.
  3681 | D:4      | Noticed Sigmund
  3810 | D:3      | Reached XP level 6. HP: 43/43 MP: 7/7
  3938 | D:4      | Reached skill level 5 in Short Blades
  4258 | D:4      | Found a shadowy altar of Dithmenos.
  4510 | D:4      | Reached **** piety under Lugonu
  4522 | D:4      | Banished Sigmund
  4522 | D:4      | Reached XP level 7. HP: 46/49 MP: 8/8
  4710 | D:4      | Found a runed door.
  4714 | D:4      | Noticed Crazy Yiuf
  4724 | D:4      | Paralysed by Crazy Yiuf for 5 turns
  4735 | D:4      | Killed Crazy Yiuf
  5062 | D:5      | Entered Level 5 of the Dungeon
  5163 | D:5      | Found Feseishra's Weapon Shop.
  5211 | D:5      | Reached skill level 6 in Short Blades
  5407 | D:5      | Reached skill level 5 in Fighting
  6711 | D:6      | Reached XP level 8. HP: 53/56 MP: 9/9
  6752 | D:5      | Reached skill level 7 in Short Blades
  7097 | D:6      | Found a glowing silver altar of Zin.
  7097 | D:6      | Found a stormy altar of Qazlal.
  7674 | D:6      | Reached skill level 8 in Short Blades
  7778 | D:6      | Found a shattered altar of Ashenzari.
  8142 | D:6      | Found a staircase to the Ecumenical Temple.
  8384 | D:6      | Reached XP level 9. HP: 51/64 MP: 10/10
  8796 | D:7      | Reached skill level 9 in Short Blades
  9002 | D:7      | Noticed Menkaure
  9010 | D:7      | Killed Menkaure
  9269 | D:7      | Noticed Harold
  9275 | D:7      | Banished Harold
  9275 | D:7      | Reached skill level 10 in Short Blades
  9351 | D:7      | Noticed Pikel
  9357 | D:7      | Banished Pikel
  9660 | D:7      | Found an ancient bone altar of Kikubaaqudgha.
  9932 | D:8      | Noticed Prince Ribbit
 11492 | D:9      | Reached XP level 10. HP: 69/73 MP: 12/12
 11497 | D:9      | Found a roughly hewn altar of Beogh.
 12206 | D:9      | Slain by an orc warrior

Skill      XL: |  1  2  3  4  5  6  7  8  9 |
---------------+----------------------------+-----
Fighting       | 3 4 5 7 8 |  8.6
Short Blades   | 3 4 5 6 8 10 | 10.7
Dodging        | 2 3 |  3.3
Invocations    | 3 |  3.3
Armour         | |  2.1

Action                   |  1- 3 |  4- 6 |  7- 9 | 10-12 || total
-------------------------+-------+-------+-------+-------++-------
Melee: Short sword       |   108 |   436 |   561 |    92 ||  1197
       Whip              |       |       |    49 |       ||    49
       Rapier            |       |       |     7 |       ||     7
       Scimitar          |       |       |    29 |       ||    29
Invok: Depart the Abyss  |     1 |       |       |       ||     1
       Bend Space        |       |       |     5 |       ||     5
       Banish            |       |       |     4 |     1 ||     5
  Use: Scroll            |       |     7 |     8 |       ||    15
  Eat: Chunk             |     1 |     3 |    23 |     9 ||    36
       Ration            |       |     3 |       |       ||     3
Armor: Leather armour    |    11 |    42 |       |       ||    53
       Ring mail         |       |    61 |   138 |    16 ||   215
Dodge: Dodged            |    75 |   280 |   352 |    38 ||   745
       Rpst.: Scimitar   |       |       |     4 |       ||     4
